 Dungeon Crawl Stone Soup version 0.25.1-2-g60ff931df9 (webtiles) character file.

Game seed: 6923865221703550770

7093 funkygono the Destroyer (level 10, -11/80 HPs)
             Began as a Black Draconian Conjurer on Sept 19, 2020.
             Was a Believer of Vehumet.
             Killed from afar by an orc (14 damage)
             ... with a bolt of acid
             ... on level 10 of the Dungeon.
             The game lasted 00:29:44 (11572 turns).

funkygono the Destroyer (Black Draconian Conjurer) Turns: 11572, Time: 00:29:45

Health: -11/80     AC: 12    Str: 13    XL:     10   Next: 84%
Magic:  20/22      EV: 15    Int: 22    God:    Vehumet [**....]
Gold:   302        SH:  0    Dex: 13    Spells: 22/26 levels left

rFire    x . .     SeeInvis +   y - +7 flail of Fixation {venom, +Rage rPois rF- SInv}
rCold    . . .     Gourm    .   (no shield)
rNeg     . . .     Faith    .   (armour unavailable)
rPois    +         Spirit   .   (helmet restricted)
rElec    +         Reflect  .   v - +1 cloak
rCorr    .         Harm     .   D - +2 pair of gloves
MR       .....     Rnd*Tele +   (no boots)
Stlth    +++.......             B - amulet of magic regeneration
HPRegen  0.23/turn              m - ring of wizardry
MPRegen  0.43/turn              A - ring "Kyrigguh" {*Tele Str+3 Int+4}

@: hasted, very quick
A: breathe lightning, unfitting armour, electricity resistance, cold-blooded, AC
+7
a: Breathe Lightning, Renounce Religion, Evoke Berserk Rage


You were on level 10 of the Dungeon.
You worshipped Vehumet.
Vehumet was pleased with you.
You were not hungry.

You visited 2 branches of the dungeon, and saw 11 of its levels.

You collected 579 gold pieces.
You spent 277 gold pieces at shops.

Inventory:

Hand Weapons
 i - a +2 whip
 y - the +7 flail of Fixation (weapon) {venom, +Rage rPois rF- SInv}
   (You found it on level 6 of the Dungeon)

   It poisons the flesh of those it strikes.
   It makes you vulnerable to fire.
   It protects you from poison.
   It lets you see invisible.
   It lets you go berserk.
 F - a +3 quarterstaff of chaos
Armour
 v - a +1 cloak (worn)
 D - a +2 pair of gloves (worn)
Jewellery
 a - an uncursed ring of resist corrosion
 f - a +6 ring of strength
 l - an uncursed ring of protection from cold
 m - a ring of wizardry (left hand)
 u - an uncursed ring of protection from cold
 A - the ring "Kyrigguh" (right hand) {*Tele Str+3 Int+4}
   (You found it on level 6 of the Dungeon)

   [ring of teleportation]

   It may teleport you next to monsters.
   It affects your strength (+3).
   It affects your intelligence (+4).
 B - an amulet of magic regeneration (around neck)
 E - an uncursed ring of resist corrosion
Wands
 d - a wand of enslavement (6)
 j - a wand of paralysis (8)
 q - a wand of iceblast (10)
 C - a wand of flame (16)
 J - a wand of random effects (20)
Scrolls
 h - 6 scrolls of blinking
 p - 4 scrolls of remove curse
 r - 5 scrolls of teleportation
 x - a scroll of magic mapping
 G - a scroll of fog {unknown}
 H - a scroll of amnesia
Potions
 c - 3 potions of stabbing
 e - 2 potions of mutation {unknown}
 g - 3 potions of magic
 n - a potion of cancellation {unknown}
 o - 2 potions of lignification
 s - 3 potions of curing
 t - a potion of brilliance {unknown}
 w - a potion of berserk rage {unknown}
 z - a potion of haste
 I - a potion of flight {unknown}
Comestibles
 b - 13 rations
 k - 2 chunks of flesh


   Skills:
 + Level 4.7 Fighting
   Level 0.5 Short Blades
 + Level 4.8(5.1) Maces & Flails
 + Level 2.4(3.9) Staves
 + Level 5.6 Dodging
 + Level 4.2 Stealth
 + Level 8.9 Spellcasting
 + Level 10.1 Conjurations
 + Level 0.8 Fire Magic


You had 22 spell levels left.
You knew the following spells:

 Your Spells              Type           Power        Failure   Level  Hunger
a - Magic Dart            Conj           ####         1%          1    None
b - Searing Ray           Conj           ######       1%          2    None
c - Foxfire               Conj/Fire      ####         1%          1    None

Your spell library contained the following spells:

 Spells                   Type           Power        Failure   Level  Hunger
 Sandblast                Erth           #.....       2%          1    None
 Dazzling Flash           Conj/Hex       ####..       1%          3    None
 Freeze                   Ice            #...         2%          1    None
 Fulminant Prism          Conj/Hex       ####......   3%          4    ##.....
 Hailstorm                Conj/Ice       ####....     3%          4    ##.....
 Iskenderun's Mystic Bla  Conj/Tloc      ####....     3%          4    ##.....
 Frozen Ramparts          Ice            #.....       9%          3    None
 Ozocubu's Armour         Chrm/Ice       #.......     9%          3    None
 Summon Ice Beast         Ice/Summ       #.......     26%         4    ##.....


Dungeon Overview and Level Annotations

Branches:
Dungeon (10/15)            Temple (1/1) D:4
   Lair: D:8-11         Orc: D:9-12

Altars:
Ashenzari
Cheibriados
Dithmenos
Elyvilon
Fedhas
Gozag
Hepliaklqana
Kikubaaqudgha
Makhleb
Nemelex Xobeh
Okawaru
Qazlal
Ru
Sif Muna
Trog
Uskayaw
Vehumet
Wu Jian
Xom
Yredelemnul
Zin
The Shining One

Shops:
D:6 ![:!(   D:7 !


Innate Abilities, Weirdness & Mutations

You can breathe wild blasts of lightning.
Your glossy black scales are hard. (AC +7)
You cannot fit into any form of body armour.
You are resistant to electric shocks. (rElec)
You are cold-blooded and may be slowed by cold attacks.


Message History

The magic dart hits the orc wizard.
The orc wizard is heavily wounded.
Casting: Magic Dart (safe; 1% risk of failure)
Confirm with . or Enter, or press ? or * to list all spells.
Aiming: Searing Ray (safe; 1% risk of failure)
Press: ? - help, Shift-Dir - straight line, f/p - orc wizard
Aim: an orc wizard, wielding a +0 dagger and wearing a +0 robe (heavily wounded)
The searing ray hits the orc wizard!
You kill the orc wizard!
Vehumet accepts your kill.
The searing ray misses the orc. (Press . to maintain the ray.)
The orc zaps a wand.
The bolt of acid hits you!!
* * * LOW HITPOINT WARNING * * *
You are splashed with acid!!
* * * LOW HITPOINT WARNING * * *
It was a potion of haste.
You feel yourself speed up.
Okay, then.
The orc zaps a wand.
The bolt of acid hits you!
You die...

# #...#####..####..........#
#...................(....#
#...#######..............######
#...# ###.................. #...#
##..).........####.
###...###########..........#####.
..........)....†÷................
.....$..?<#######.........#######
.##....##....o).@............#
..#....###..#####.........#..#
................<............#
#.#............##..........###
...###.......................##
.>. #.....o..............#..≈##+
.. #....................#.#.≈.≈
.. #.........#.#.......##...... .
#........o#.................


You could see an orc.

Vanquished Creatures
  Snorg (D:10)
  A death yak (D:10)
  A troll (D:9)
  A hornet (D:7)
  A hippogriff (D:9)
  3 yaks (D:7)
  Grum (D:8)
  2 hungry ghosts
  Duvessa (D:5)
  An orc warrior (D:7)
  5 ice beasts
  2 phantoms (D:8)
  2 black bears
  4 ogres
  4 centaurs
  5 wolves (D:8)
  4 bullfrogs
  2 big kobolds
  A gnoll sergeant (D:8)
  Dowan (D:5)
  A scorpion (D:9)
  6 howler monkeys
  An electric eel (D:8)
  A bullfrog zombie (D:4)
  4 crimson imps
  4 centaur zombies
  2 hounds
  4 jellies
  3 centaur skeletons
  6 orc priests
  Crazy Yiuf (D:7)
  3 worker ants
  3 iguanas
  4 orc wizards
  A statue (D:7)
  4 hound zombies (D:4)
  13 adders
  7 gnolls
  2 white imps (D:8)
  An adder skeleton (D:6)
  An adder zombie (D:6)
  3 worms
  A dart slug (D:1)
  6 leopard geckos
  16 orcs
  7 bats
  8 giant cockroaches
  5 goblins (D:1)
  10 hobgoblins
  9 jackals
  20 kobolds
  A ball python (D:3)
  3 frilled lizards
  A giant cockroach zombie (D:6)
  A jackal skeleton (D:4)
  4 rats
210 creatures vanquished.

Vanquished Creatures (others)
  10 foxfires
10 creatures vanquished.

Grand Total: 220 creatures vanquished

Notes
Turn   | Place    | Note
-------+----------+-------------------------------------------
     0 | D:1      | funkygono the Draconian Conjurer began the quest for the
                  | Orb.
     0 | D:1      | Reached XP level 1. HP: 14/14 MP: 3/3
   383 | D:1      | Reached XP level 2. HP: 20/20 MP: 3/5
   866 | D:1      | Learned a level 2 spell: Searing Ray
  1252 | D:1      | Reached XP level 3. HP: 26/26 MP: 4/6
  1934 | D:2      | Reached skill level 5 in Conjurations
  2184 | D:2      | Reached XP level 4. HP: 33/33 MP: 3/7
  3349 | D:3      | Found a sparkling altar of Nemelex Xobeh.
  3530 | D:4      | Found a staircase to the Ecumenical Temple.
  3539 | Temple   | Entered the Ecumenical Temple
  3835 | D:4      | Reached XP level 5. HP: 18/38 MP: 0/9
  4089 | D:4      | Reached skill level 6 in Conjurations
  4194 | D:4      | Reached XP level 6. HP: 44/45 MP: 0/11
  4309 | D:4      | Reached skill level 1 in Maces & Flails
  4912 | D:4      | Reached skill level 1 in Fighting
  5172 | D:5      | Entered Level 5 of the Dungeon
  5230 | D:5      | Noticed an ice beast
  5237 | D:5      | Killed an ice beast
  5237 | D:5      | Your scales start taking on a glossy black colour.
  5237 | D:5      | Reached XP level 7. HP: 35/52 MP: 4/13
  5237 | D:5      | Gained mutation: You are resistant to electric shocks.
                  | (rElec) [Black Draconian growth]
  5510 | D:5      | Noticed Dowan
  5512 | D:5      | Noticed Duvessa
  5525 | D:5      | Killed Duvessa
  5552 | D:5      | Killed Dowan
  5913 | D:5      | Reached skill level 5 in Spellcasting
  6270 | D:6      | Reached skill level 1 in Staves
  6270 | D:6      | Reached skill level 7 in Conjurations
  6270 | D:6      | Reached XP level 8. HP: 46/61 MP: 10/15
  6429 | D:6      | Found Ecacleep's Book Emporium.
  6429 | D:6      | Found Afuuha's Distillery.
  6617 | D:6      | Found Jazxumpu's Antique Weapon Emporium.
  6723 | D:6      | Found Qoqesi's Antique Armour Boutique.
  6766 | D:6      | Got a slimy flail
  6789 | D:6      | Identified the +7 flail of Fixation {venom, +Rage rPois rF-
                  | SInv} (You found it on level 6 of the Dungeon)
  6864 | D:6      | Found Vyujic's Distillery.
  6872 | D:6      | Got a wavering copper ring
  6875 | D:6      | Identified the ring "Kyrigguh" {*Tele Str+3 Int+4} (You
                  | found it on level 6 of the Dungeon)
  7675 | D:7      | Noticed a hornet
  7679 | D:7      | Killed a hornet
  7679 | D:7      | Reached XP level 9. HP: 68/68 MP: 14/18
  7755 | D:7      | Found a radiant altar of Vehumet.
  7763 | D:7      | Became a worshipper of Vehumet
  7904 | D:7      | Found Gaitt's Distillery.
  7925 | D:7      | Reached skill level 8 in Conjurations
  8340 | D:7      | Found a runed translucent door.
  8341 | D:7      | Noticed Crazy Yiuf
  8348 | D:7      | Killed Crazy Yiuf
  8732 | D:8      | Noticed Grum
  8746 | D:8      | Reached * piety under Vehumet
  8746 | D:8      | Offered knowledge of Foxfire by Vehumet.
  8752 | D:8      | Reached skill level 9 in Conjurations
  8755 | D:8      | Killed Grum
  8933 | D:8      | Reached XP level 10. HP: 47/78 MP: 3/21
  9108 | D:8      | Learned a level 1 spell: Foxfire
  9130 | D:8      | Reached ** piety under Vehumet
  9130 | D:8      | Offered knowledge of Sandblast by Vehumet.
 11201 | D:6      | Bought a pair of glowing gloves for 277 gold pieces
 11279 | D:10     | Entered Level 10 of the Dungeon
 11404 | D:10     | Noticed Snorg
 11418 | D:10     | Killed Snorg
 11418 | D:10     | Reached skill level 5 in Dodging
 11457 | D:10     | Noticed a death yak
 11471 | D:10     | Killed a death yak
 11471 | D:10     | Reached skill level 10 in Conjurations
 11570 | D:10     | HP: 3/80 [acid (18)]
 11572 | D:10     | Killed from afar by an orc

Illustrated notes

Levels and vault maps discovered:
D:1:      saegor_arrival_miasma, layout_basic, serial_glass, glass_columns_c,
          glass_columns_c, glass_columns_b, glass_columns_a
D:2:      layout_basic
D:3:      layout_basic, minmay_liquid_box, nemelex_lonely_heart_becter
D:4:      layout_rooms, minmay_temple_entry_junction_2, first_ration,
          serial_undead, serial_undead_d, serial_undead_d, serial_undead_e,
          serial_undead_b
D:5:      layout_cave_pools, minmay_fractal_squares_gapless_5, uniq_duvessa
D:6:      layout_rooms, serial_shops, kennysheep_little_box, shop, shop, shop,
          nicolae_shop_waterfront
D:7:      layout_loops_cross, vehumet_statue, serial_shops, shop_coins,
          uniq_crazy_yiuf_cottage
D:8:      layout_basic, serial_ice, serial_ice_c, serial_ice_b, serial_ice_f,
          serial_ice_i, uniq_grum
D:9:      layout_basic
D:10:     layout_rooms, david_lair_generic, hangedman_little_slice_of_home,
          uniq_snorg
Temple:   kilobyte_greek_temple

Skill      XL: |  1  2  3  4  5  6  7  8  9 10 |
---------------+-------------------------------+-----
Stealth        | 2 3 4 |  4.2
Conjurations   | 5 6 7 9 10 | 10.1
Spellcasting   | 3 4 5 6 7 8 |  8.9
Maces & Flails | 2 3 4 |  4.8
Dodging        | 2 3 4 5 |  5.6
Fighting       | 1 2 3 4 |  4.7
Staves         | 1 2 |  2.4
Short Blades   | |  0.5
Fire Magic     | |  0.8

Action                   |  1- 3 |  4- 6 |  7- 9 | 10-12 || total
-------------------------+-------+-------+-------+-------++-------
Melee: Dagger            |    17 |       |       |       ||    17
       Tailslap          |     2 |     9 |     4 |     1 ||    16
       Whip              |       |    42 |       |       ||    42
       Quarterstaff      |       |       |    17 |       ||    17
       Flail             |       |       |    17 |    15 ||    32
 Cast: Magic Dart        |    66 |    77 |   114 |    46 ||   303
       Searing Ray       |     3 |    19 |    51 |    34 ||   107
       Foxfire           |       |       |       |     5 ||     5
  Use: Scroll            |     2 |     9 |     5 |     3 ||    19
       Potion            |       |     2 |     1 |     2 ||     5
  Eat: Chunk             |     5 |     5 |     9 |     6 ||    25
       Ration            |       |     2 |     1 |     1 ||     4
Armor: Skin              |     8 |    16 |    40 |    40 ||   104
Dodge: Dodged            |    18 |    20 |    73 |    71 ||   182
